 Dungeon Crawl Stone Soup version 0.22-a0-3-g4fa69d9 (webtiles) character file.

1711 worex the Cleaver (level 8, 0/75 HPs)
             Began as a Minotaur Berserker on Jan 1, 2018.
             Was an Elder of Trog.
             Killed from afar by Pikel (16 damage)
             ... with a wand of acid (5)
             ... on level 6 of the Dungeon.
             The game lasted 00:44:31 (5918 turns).

worex the Cleaver (Minotaur Berserker)              Turns: 5918, Time: 00:44:32

Health: 0/75       AC: 10    Str: 24    XL:     8   Next: 74%
Magic:  7/7        EV:  8    Int:  4    God:    Trog [****..]
Gold:   49         SH:  0    Dex: 10    Spells: 7/7 levels left

rFire    . . .     SeeInvis +   A - +1 hand axe (elec)
rCold    . . .     Gourm    .   (no shield)
rNeg     . . .     Faith    .   I - +0 chain mail (curse)
rPois    .         Spirit   .   s - +1 hat
rElec    .         Reflect  .   (no cloak)
rCorr    .         Harm     +   (no gloves)
MR       .....                  o - +0 pair of boots
Stlth    ..........             u - amulet of harm
HPRegen  0.22/turn              z - ring of see invisible
MPRegen  0.10/turn              q - ring of flight

@: berserk cooldown, slowed, very slow
A: retaliatory headbutt, horns 2
a: Berserk, Trog's Hand, Brothers in Arms, Burn Spellbooks, Renounce Religion,
Evoke Flight


You were on level 6 of the Dungeon.
You worshipped Trog.
Trog was greatly pleased with you.
You were not hungry.

You visited 1 branch of the dungeon, and saw 6 of its levels.

You collected 222 gold pieces.
You spent 173 gold pieces at shops.

Inventory:

Hand Weapons
 a - a +1 hand axe
 h - a +0 short sword
   (You found it on level 1 of the Dungeon)
 i - a +0 short sword
   (You found it on level 1 of the Dungeon)
 A - a +1 hand axe of electrocution (weapon)
   (You found it on level 5 of the Dungeon)
 D - the +9 short sword of Turmoil {pierce, rElec}
   (You found it on level 5 of the Dungeon)

   It inflicts extra damage upon your enemies.
   It insulates you from electricity.
Missiles
 H - 2 needles of confusion
Armour
 b - a +0 animal skin
 c - a +0 ring mail
   (You found it on level 1 of the Dungeon)
 f - a +1 helmet
   (You found it on level 1 of the Dungeon)
 l - a +0 scale mail
   (You found it on level 2 of the Dungeon)
 n - a +0 leather armour
   (You found it on level 2 of the Dungeon)
 o - a +0 pair of boots (worn)
   (You found it on level 2 of the Dungeon)
 s - a +1 hat (worn)
   (You found it on level 2 of the Dungeon)
 I - a cursed +0 chain mail (worn)
   (You found it on level 5 of the Dungeon)
Jewellery
 q - a ring of flight (right hand)
   (You found it on level 2 of the Dungeon)
 u - an amulet of harm (around neck)
   (You found it on level 2 of the Dungeon)
 z - a ring of see invisible (left hand)
   (You found it on level 2 of the Dungeon)
Wands
 v - a wand of digging (13)
   (You took it off Edmund on level 4 of the Dungeon)
 x - a wand of acid (7)
   (You took it off Ijyb on level 4 of the Dungeon)
Scrolls
 g - 2 scrolls of identify {@r1}
 j - 6 scrolls of teleportation {@r4}
 k - a scroll of enchant armour
 t - a scroll of magic mapping
 w - a scroll of amnesia
 E - 2 scrolls of remove curse {@r2}
 F - a scroll of fog
Potions
 d - 3 potions of curing {@q1}
 m - a potion of berserk rage
 p - a potion of might
 r - a potion of cancellation
 y - a potion of agility
 B - a potion of flight
 C - a potion of degeneration {!q}
 G - a potion of heal wounds {@q2}
Comestibles
 e - 10 rations
 J - 6 chunks of flesh


   Skills:
 + Level 8.6 Fighting
 * Level 11.3 Axes
 - Level 2.4 Armour
 - Level 2.1 Dodging


You had 7 spell levels left.
You didn't know any spells.

Dungeon Overview and Level Annotations

Branches:
Dungeon (6/15)             Temple (0/1) D:5

Altars:
Dithmenos
Fedhas
Nemelex Xobeh
Okawaru
Qazlal
Yredelemnul
Zin

Shops:
D:4 *   D:5 *??

Annotations:
D:6 exclusion: oklob plant, Pikel


Innate Abilities, Weirdness & Mutations

You reflexively headbutt those who attack you in melee.
You have a pair of horns on your head.


Message History

The slave shouts!
You hear a shout!
Pikel the Slaver comes into view.
He is wielding a whip of electrocution.
A slave comes into view.
Some of the chunks of flesh in your inventory have rotted away.
You hit the slave. You hit the slave. The slave hits you.
You slash the slave! Lightning courses through the slave!
You kill the slave!
That felt strangely unrewarding.
You barely miss the slave. You closely miss the slave. You headbutt the slave.
The slave hits you but does no damage.
You slash the slave! You headbutt the slave!
You kill the slave!
That felt strangely unrewarding.
You slash the slave! You closely miss the slave. The slave hits you.
You closely miss the slave. The slave closely misses you.
You barely miss the slave. You slash the slave! Your headbutt misses the slave.
The slave hits you.
You slash the slave! Lightning courses through the slave!
You kill the slave!
That felt strangely unrewarding.
No target in view!
Items here: [[[ † an animal skin x3; a human corpse
Okay, then.
Unknown command.
Pikel shouts!
You hear a shout!
Pikel zaps a wand.
The bolt of acid hits you!
You are splashed with acid!
The acid burns!
It is a wand of acid (6).
Items here: [[[ † an animal skin x3; a human corpse A red film seems to cover your vision as you go berserk!
You feel yourself moving faster!
You feel mighty!
You are feeling very hungry.
Pikel zaps a wand.
The bolt of acid hits you!
* * * LOW HITPOINT WARNING * * *
You are splashed with acid!
The acid burns!
* * * LOW HITPOINT WARNING * * *
You feel a strong urge to attack something.
You feel your anger nearly subside.
You are no longer berserk.
You are exhausted.
You feel yourself slow down.
Eating one of 7 chunks of flesh.
You eat one of the 7 chunks of flesh.
Pikel zaps a wand.
The bolt of acid hits you!
You die...

#[##..### #.# #.......#
#.# #.....#.###.#### #
#..<...........###.#
#.....#.))÷...#......###
#####.##................
##
#............)...####.##
..
###.#K##..###.##.##.....
#.###[#..@.........#......
#K....#####..##.#..#......
####..# ##.##.#......_..
## #..### #.##.#..#......
#.##....# ..#.#..#......
#.....#.# #.#.#..##.....
#.#.....# #...#..####.## #
#..#### #..#.........
#.....######..#.#####.#.


You could see Pikel.

Vanquished Creatures
  Grinder (D:3)
  Eustachio (D:6)
  Menkaure (D:5)
  Edmund (D:4)
  An orc warrior (D:6)
  3 slaves (D:6)
  A centaur (D:5)
  2 big kobolds (D:5)
  A scorpion (D:4)
  2 howler monkeys
  4 crimson imps
  A bullfrog zombie (D:5)
  A hound (D:3)
  2 orc priests
  A bullfrog skeleton (D:5)
  A centaur skeleton (D:6)
  An iguana (D:4)
  Ijyb (D:4)
  An orc wizard (D:4)
  4 worker ants
  Robin (D:4)
  3 gnolls (D:4)
  3 adders
  An ooze (D:1)
  3 worms
  4 dart slugs
  A leopard gecko (D:2)
  17 orcs
  8 giant cockroaches
  14 goblins
  16 hobgoblins
  16 jackals
  2 quokkas
  2 ball pythons
  4 bats
  4 frilled lizards
  18 kobolds
  6 rats
  A spectral orc (D:2)
155 creatures vanquished.

Notes
Turn   | Place    | Note
-------+----------+-------------------------------------------
     0 | D:1      | worex the Minotaur Berserker began the quest for the Orb.
     0 | D:1      | Reached XP level 1. HP: 19/19 MP: 0/0
    81 | D:1      | Reached skill level 4 in Axes
    98 | D:1      | Reached XP level 2. HP: 17/27 MP: 1/1
   338 | D:1      | Reached ** piety under Trog
   604 | D:1      | Reached XP level 3. HP: 30/33 MP: 2/2
  1194 | D:2      | Reached skill level 5 in Axes
  1297 | D:2      | Found a faded altar of an unknown god.
  1490 | D:2      | Found a basalt altar of Yredelemnul.
  1767 | D:3      | Reached XP level 4. HP: 38/41 MP: 3/3
  1848 | D:3      | Noticed Grinder
  1857 | D:3      | Paralysed by Grinder for 7 turns
  1867 | D:3      | Killed Grinder
  1867 | D:3      | Reached skill level 5 in Fighting
  1867 | D:3      | Reached skill level 6 in Axes
  1867 | D:3      | Reached XP level 5. HP: 48/48 MP: 4/4
  2041 | D:3      | Reached skill level 7 in Axes
  2041 | D:3      | Reached XP level 6. HP: 54/56 MP: 5/5
  2340 | D:3      | Reached *** piety under Trog
  2918 | D:4      | Noticed Edmund
  2932 | D:4      | Killed Edmund
  3131 | D:4      | Reached skill level 8 in Axes
  3172 | D:4      | Noticed Ijyb
  3179 | D:4      | Killed Ijyb
  3179 | D:4      | Reached XP level 7. HP: 44/63 MP: 6/6
  3477 | D:4      | You fall through a shaft!
  3477 | D:5      | Entered Level 5 of the Dungeon
  3477 | D:5      | Found Pustinum's Magic Scroll Boutique.
  3477 | D:5      | Found Pepoulae's Magic Scroll Shop.
  3519 | D:5      | Bought a scroll of teleportation for 33 gold pieces
  3529 | D:5      | Found a stormy altar of Qazlal.
  3575 | D:5      | Got a translucent short sword
  3576 | D:5      | Identified the +9 short sword of Turmoil {pierce, rElec} (You found it on level 5 of the Dungeon)
  3579 | D:5      | Found a staircase to the Ecumenical Temple.
  3641 | D:5      | Found Coaloon's Assorted Antiques.
  3699 | D:4      | Reached skill level 9 in Axes
  3790 | D:4      | Found Efoamom's Assorted Antiques.
  3799 | D:4      | Bought a potion of heal wounds for 140 gold pieces
  3994 | D:4      | Noticed Robin
  4004 | D:4      | Reached **** piety under Trog
  4010 | D:4      | Killed Robin
  4436 | D:4      | Found a sparkling altar of Nemelex Xobeh.
  4517 | D:5      | Noticed Menkaure
  4530 | D:5      | Killed Menkaure
  4841 | D:5      | Received a gift from Trog
  4841 | D:5      | Reached XP level 8. HP: 57/73 MP: 7/7
  5003 | D:5      | Reached skill level 10 in Axes
  5062 | D:5      | Found a blossoming altar of Fedhas.
  5310 | D:5      | Found a glowing silver altar of Zin.
  5311 | D:5      | Noticed an angel
  5666 | D:6      | Noticed Eustachio
  5689 | D:6      | Killed Eustachio
  5689 | D:6      | Reached skill level 11 in Axes
  5798 | D:6      | Found an iron altar of Okawaru.
  5878 | D:6      | Found a shadowy altar of Dithmenos.
  5879 | D:6      | Noticed an oklob plant
  5880 | D:6      | Noticed Pikel
  5918 | D:6      | Killed from afar by Pikel

Vault maps used:
D:1:      minmay_arrival_wavy_path
D:2:      yredelemnul_forgotten_temple_becter,
          chequers_ecumenical_altar_simple_redux, first_ration,
          minmay_joined_circles
D:3:      kennysheep_small_spiral, minmay_box_of_dots, uniq_grinder
D:4:      nemelex_xobeh_ov_fountains_minmay, serial_shops, shop_fountains,
          minmay_misc_feat_five, uniq_edmund, uniq_ijyb, uniq_robin
D:5:      cheibrodos_thug_alley, grunt_qazlal_clouds, zin_angel,
          minmay_temple_entry_junction, serial_shops, shop, shop, shop,
          fedhas_bush_and_centaur_altar, uniq_menkaure
D:6:      old_standard_altar, lemuel_oklob_altar, uniq_pikel, uniq_eustachio

Skill      XL: |  1  2  3  4  5  6  7  8 |
---------------+-------------------------+-----
Axes           | 4 5 6 7 8 9 11 | 11.3
Fighting       | 4 5 6 7 8 |  8.6
Armour         | |  2.4
Dodging        | |  2.1

Action                   |  1- 3 |  4- 6 |  7- 9 || total
-------------------------+-------+-------+-------++-------
Melee: Hand axe          |   110 |    91 |    70 ||   271
       Headbutt          |     5 |    12 |    15 ||    32
       Unarmed           |     3 |       |       ||     3
       Short sword       |       |       |    63 ||    63
Invok: Berserk           |       |     3 |     3 ||     6
  Use: Scroll            |     6 |       |     9 ||    15
       Potion            |       |     1 |       ||     1
  Eat: Chunk             |     3 |     6 |    12 ||    21
Armor: Animal skin       |     6 |       |       ||     6
       Ring mail         |    15 |       |       ||    15
       Scale mail        |     4 |    35 |    33 ||    72
       Chain mail        |       |       |    11 ||    11
Dodge: Dodged            |    74 |    33 |    57 ||   164

Table legend:
 A = Spawn XP
 B = Non-spawn XP
 C = Spawn XP percentage of total XP
 D = Spawn monster count
 E = Non-spawn monster count
 F = Spawn count percentage of total count
 G = Total turns spent on level
                    A         B        C        D         E        F      G
               +---------+---------+-------+---------+---------+-------+---------
         Total |       0 |    2445 |   0.0 |       0 |     152 |   0.0 |  5918
               +---------+---------+-------+---------+---------+-------+---------
           D:1 |       0 |      42 |   0.0 |       0 |      23 |   0.0 |   749
           D:2 |       0 |      44 |   0.0 |       0 |      21 |   0.0 |   920
           D:3 |       0 |     397 |   0.0 |       0 |      36 |   0.0 |  1191
           D:4 |       0 |     535 |   0.0 |       0 |      32 |   0.0 |  1428
           D:5 |       0 |     784 |   0.0 |       0 |      26 |   0.0 |  1348
           D:6 |       0 |     643 |   0.0 |       0 |      14 |   0.0 |   282
               +---------+---------+-------+---------+---------+-------+---------
